 Dungeon Crawl Stone Soup version 0.26-a0-712-ga5a9c9c9d0 (webtiles) character file.

Game seed: 12421361223798018695

1203 raph the Firebug (level 8, -9/57 HPs)
             Began as a Hill Orc Fire Elementalist on Nov 10, 2020.
             Was an Initiate of Kikubaaqudgha.
             Killed from afar by a deep elf mage (35 damage)
             ... with a bolt of fire
             ... on level 6 of the Dungeon.
             The game lasted 00:15:30 (6315 turns).

raph the Firebug (Hill Orc Fire Elementalist)       Turns: 6315, Time: 00:15:30

Health: -9/57      AC:  7    Str: 11    XL:     8   Next: 45%
Magic:  8/11       EV: 13    Int: 17    God:    Kikubaaqudgha [......]
Gold:   292        SH:  0    Dex: 17    Spells: 3/11 levels left

rFire    . . .     SeeInvis .   d - +1 short sword (venom)
rCold    . . .     Faith    .   (no shield)
rNeg     . . .     Spirit   .   a - +0 robe
rPois    .         Reflect  .   i - +2 helmet
rElec    .         Harm     .   n - +1 cloak
rCorr    .         Rampage  .   (no gloves)
MR       .....                  (no boots)
Stlth    ++........             j - amulet of magic regeneration
HPRegen  0.19/turn              r - +6 ring of dexterity
MPRegen  0.37/turn              (no ring)

@: no status effects
A: no striking features
a: Renounce Religion


You were on level 6 of the Dungeon.
You worshipped Kikubaaqudgha.
Kikubaaqudgha was noncommittal.
You visited 2 branches of the dungeon, and saw 7 of its levels.

You collected 292 gold pieces.

Inventory:

Hand Weapons
 b - a +0 hand axe
 d - a +1 short sword of venom (weapon)
Armour
 a - a +0 robe (worn)
 i - a +2 helmet (worn)
 n - a +1 cloak (worn)
Jewellery
 f - an uncursed amulet of the acrobat
 j - an amulet of magic regeneration (around neck)
 r - a +6 ring of dexterity (left hand)
Wands
 s - a wand of enslavement (9)
 t - a wand of digging (6)
Scrolls
 c - 2 scrolls of identify
 e - 2 scrolls of teleportation
 m - 2 scrolls of remove curse
 u - a scroll of magic mapping {unknown}
Potions
 g - 2 potions of brilliance
 h - 3 potions of magic
 k - 3 potions of heal wounds
 l - 2 potions of might {unknown}
 o - a potion of haste {unknown}
 p - a potion of flight {unknown}
 q - 3 potions of degeneration {unknown}


   Skills:
 - Level 2.0 Dodging
 - Level 2.2 Stealth
 - Level 2.0 Spellcasting
 * Level 6.3 Conjurations
 + Level 2.5 Necromancy
 * Level 7.6 Fire Magic


You had 3 spell levels left.
You knew the following spells:

 Your Spells              Type           Power        Failure   Level
a - Foxfire               Conj/Fire      ####         1%          1
b - Sticky Flame          Conj/Fire      ####....     11%         4
c - Conjure Flame         Conj/Fire      ####....     3%          3

Your spell library contained the following spells:

 Spells                   Type           Power        Failure   Level
 Inner Flame              Hex/Fire       ##......     12%         3
 Fireball                 Conj/Fire      ####......   30%         5


Dungeon Overview and Level Annotations

Branches:
Dungeon (6/15)             Temple (1/1) D:4

Altars:
Dithmenos
Kikubaaqudgha
Nemelex Xobeh
Sif Muna
Trog
Wu Jian
Xom

Shops:
D:5 (

Annotations:
D:4 Edmund


Message History

The foxfire hits the deep elf mage.
The deep elf mage is heavily wounded.
The deep elf mage hits you with a cursed -3 long sword!
You barely miss the deep elf mage.
The deep elf mage is heavily wounded.
The deep elf mage burns!
Unknown command.
You hit the deep elf mage.
The deep elf mage is poisoned.
The deep elf mage is severely wounded.
The deep elf mage burns!
The deep elf mage mumbles some strange words.
The deep elf mage points at you and mumbles some strange words.
The bolt of fire hits you!!
Unknown command.
The deep elf mage burns!
The deep elf mage gestures at you while chanting.
The bolt of fire hits you!!
Ouch! That really hurt!
You die...
Kikubaaqudgha rasps: "You have failed me!
Welcome... death!"

#...####.............
#..............#####.
#..#..8...8..#.###
#..#...#..#.#..
#..#...#..#.#.#
#..#...#..#.#.##
#..#...#..#.#..#
#..#...#..#....#
#@e#+++#..#.####.#
#..E⌠.(+..#......#
#..'☼..+..#.######
#..'..⌠+ #.......
###########.######
........######
..............
####.######### #.
#######


You could see a deep elf mage (burning, very poisoned) and a fire elemental
(summoned).

Vanquished Creatures
  A sky beast (D:5)
  3 phantoms
  2 ogres
  A centaur (D:6)
  A water moccasin skeleton (D:5)
  2 scorpions (D:4)
  A howler monkey (D:4)
  A hound (D:6)
  A bullfrog zombie (D:5)
  3 orc wizards
  Ijyb (D:4)
  Natasha (thrice) (D:2 D:1)
  2 worker ants (D:5)
  A hound zombie (D:5)
  3 adders (D:3)
  A shadow imp (D:5)
  A worm (D:2)
  3 leopard geckos
  14 orcs
  5 giant cockroaches
  5 goblins
  8 hobgoblins
  6 jackals
  A quokka (D:3)
  7 bats
  3 frilled lizards
  5 kobolds
  8 rats
93 creatures vanquished.

Vanquished Creatures (others)
  412 foxfires
412 creatures vanquished.

Grand Total: 505 creatures vanquished

Notes
Turn   | Place    | Note
-------+----------+-------------------------------------------
     0 | D:1      | raph the Hill Orc Fire Elementalist began the quest for the
                  | Orb.
     0 | D:1      | Reached XP level 1. HP: 14/14 MP: 3/3
   433 | D:1      | Reached XP level 2. HP: 20/20 MP: 1/4
   977 | D:2      | Noticed Natasha
   990 | D:2      | Killed Natasha
   990 | D:2      | Reached XP level 3. HP: 20/26 MP: 1/5
  1094 | D:2      | Noticed Natasha
  1103 | D:2      | Killed Natasha
  1103 | D:2      | Reached skill level 4 in Fire Magic
  1103 | D:2      | Reached XP level 4. HP: 21/33 MP: 0/6
  1106 | D:2      | Noticed Natasha
  1118 | D:1      | Killed Natasha
  1521 | D:2      | Noticed a moth of wrath
  1524 | D:2      | Found a bloodstained altar of Trog.
  2139 | D:2      | Learned a level 4 spell: Sticky Flame
  2153 | D:2      | Found a shimmering altar of Xom.
  2463 | D:3      | Reached XP level 5. HP: 38/38 MP: 2/8
  3440 | D:4      | Noticed Edmund
  3447 | D:4      | Learned a level 3 spell: Conjure Flame
  3486 | D:4      | Noticed a phantom
  3487 | D:4      | Noticed a phantom
  3728 | D:4      | Reached skill level 5 in Fire Magic
  3728 | D:4      | Reached XP level 6. HP: 45/45 MP: 4/9
  3857 | D:4      | Killed a phantom
  3904 | D:4      | Killed a phantom
  3904 | D:4      | Reached skill level 6 in Fire Magic
  3904 | D:4      | Reached XP level 7. HP: 46/50 MP: 2/10
  4377 | D:4      | Noticed Ijyb
  4382 | D:4      | Killed Ijyb
  4520 | D:4      | Found a sparkling altar of Nemelex Xobeh.
  4550 | D:4      | Found a staircase to the Ecumenical Temple.
  4558 | Temple   | Entered the Ecumenical Temple
  4562 | Temple   | Became a worshipper of Kikubaaqudgha
  4574 | D:4      | Reached skill level 5 in Conjurations
  4937 | D:5      | Entered Level 5 of the Dungeon
  4961 | D:5      | Reached skill level 1 in Necromancy
  5153 | D:5      | Found Tatainas's Weapon Shoppe.
  5187 | D:5      | Reached skill level 7 in Fire Magic
  5187 | D:5      | Reached XP level 8. HP: 49/57 MP: 6/11
  6133 | D:6      | Found an ornate altar of the Wu Jian Council.
  6310 | D:6      | Noticed a deep elf mage
  6315 | D:6      | Killed from afar by a deep elf mage

Illustrated notes

Levels and vault maps discovered:
D:1:      shiori_shiawase, layout_rooms, st_stairs_8,
          minmay_misc_feat_nine_boxes
D:2:      layout_rooms, tgw_trog, xom_teletrap_fun, uniq_natasha
D:3:      layout_rooms
D:4:      layout_cave_pools, kennysheep_mini, kennysheep_mini_moat,
          minmay_temple_entry_nine_rooms, uniq_ijyb, uniq_crazy_yiuf_cottage,
          uniq_edmund
D:5:      layout_basic, serial_shops, nicolae_shop_waterfront
D:6:      layout_basic, nicolae_overflow_crystal_walls,
          ebering_ghost_disaster_area, guppyfry_early_elven_hall
Temple:   zaba_magenta_temple

Skill      XL: |  1  2  3  4  5  6  7  8 |
---------------+-------------------------+-----
Stealth        | 2 |  2.2
Conjurations   | 2 3 4 5 6 |  6.3
Fire Magic     | 4 5 6 7 |  7.6
Dodging        | 2 |  2.0
Spellcasting   | 2 |  2.0
Necromancy     | 1 2 |  2.5

Action                   |  1- 3 |  4- 6 |  7- 9 || total
-------------------------+-------+-------+-------++-------
Melee: Short sword       |     9 |    29 |    22 ||    60
 Cast: Foxfire           |    32 |   161 |    50 ||   243
       Conjure Flame     |       |     1 |     3 ||     4
       Sticky Flame      |       |       |     4 ||     4
  Use: Scroll            |       |     6 |     6 ||    12
 Stab: Sleeping          |       |       |     2 ||     2
Armor: Robe              |     2 |    21 |     7 ||    30
Dodge: Dodged            |    10 |    43 |    29 ||    82

Table legend: (Time is in decaauts)
 A = Elapsed time spent in this place.
 B = Non-inter-level travel time spent in this place.
 C = Inter-level travel time spent in this place.
 D = Time resting spent in this place.
 E = Time spent auto-exploring this place.
 F = Levels seen in this place.
 G = Mean time per level.
                   A        B        C        D        E       F      G
               +--------+--------+--------+--------+--------+-----+--------+
         Total |   6331 |   6188 |    143 |   2982 |   2001 |   7 |  904.4 |
       Dungeon |   6322 |   6179 |    143 |   2982 |   2001 |   6 | 1053.7 |
        Temple |      8 |      8 |      0 |      0 |      0 |   1 |    8.0 |
               +--------+--------+--------+--------+--------+-----+--------+

Top non-repeatable levels by time:
     D:4: 1429 daAuts
     D:1: 1348 daAuts
     D:2: 1210 daAuts
     D:5: 1067 daAuts
     D:3: 953 daAuts
     D:6: 313 daAuts
  Temple: 8 daAuts
